AoeStats
← GORGORY

Arena

506757830Analyzed
1v1 RM · 18d ago on Sep 15, 2026· 41m 3s· 2 players
Game mode
Random Map
Map size
Tiny (2 player)
Population
200
Speed
Normal
Resources
Standard
Victory
Conquest
Starting age
Dark Age
Ending age
Imperial Age
RankedLock teamsTeams togetherTeam positionsShared explorationLock speedFull tech treeHidden civsTurbo modeCheats
Victory
Defeat
🇦🇷 Ethiopians · Argentina
999
+17
🇦🇷 Maya · Argentina
1016
-17
GORGORY
5:53 Loom
8:53 Feudal Age
9:22 Double-Bit Axe
9:18 Horse Collar
13:12 Wheelbarrow
17:22 Castle Age
16:06 Stone Mining
16:34 Gold Mining
18:36 Town Watch
19:31 Bow Saw
19:45 Fervor
23:03 Heavy Plow
24:13 Sanctity
25:29 Scale Mail Armor
25:39 Forging
26:16 Squires
26:01 Arson
26:57 Fletching
27:07 Padded Archer Armor
27:06 Elite Skirmisher
28:02 Bodkin Arrow
28:18 Thumb Ring
28:54 Ballistics
28:30 Murder Holes
31:30 Chain Mail Armor
31:50 Iron Casting
33:10 Hand Cart
36:55 Imperial Age
34:27 Town Patrol
35:20 Gold Shaft Mining
35:23 Stone Shaft Mining
35:58 Iron Casting
35:39 Leather Archer Armor
36:57 Elite Shotel Warrior
37:58 Conscription
37:00 Capped Ram
38:48 Blast Furnace
38:18 Plate Mail Armor
Pablito
0:34 Loom
10:19 Feudal Age
14:42 Castle Age
13:10 Double-Bit Axe
14:19 Stone Mining
14:23 Gold Mining
16:43 Bow Saw
20:58 Wheelbarrow
20:20 Town Watch
23:11 Fletching
25:41 Horse Collar
30:05 Imperial Age
28:42 Bodkin Arrow
28:48 Padded Archer Armor
29:02 Squires
28:49 Arson
29:47 Eagle Warrior
31:09 Forging
31:08 Scale Mail Armor
31:28 Heavy Plow
31:58 Hand Cart
31:44 Town Patrol
32:03 Leather Archer Armor
32:55 Conscription
34:59 Holcans
35:08 Holcans
34:24 Elite Eagle Warrior
36:01 Iron Casting
37:35 Two-Man Saw
38:57 Ballistics
39:45 Chemistry
40:26 Blast Furnace
39:42 Chain Mail Armor
39:27 Bracer
39:58 Ring Archer Armor
Connection lost

Rejoining the realm…

Still unreachable

The connection could not be restored.

Session expired

The server has moved on; the page needs a fresh start.